 Dungeon Crawl Stone Soup version 0.28.0-53-g5a82cb258f (webtiles) character file.

Game seed: 470459584342858718

123 SanguineChosen the Chopper (level 4, 0/41 HPs)
             Began as a Minotaur Berserker on July 31, 2022.
             Was a Believer of Trog.
             Slain by a gnoll
             ... wielding a +0 spear
              (3 damage)
             ... on level 4 of the Dungeon.
             The game lasted 00:08:58 (3306 turns).

SanguineChosen the Chopper (Minotaur Berserker)     Turns: 3306, Time: 00:08:59

Health: 0/41       AC:  6    Str: 24    XL:     4   Next: 79%
Magic:  3/3        EV: 10    Int:  4    God:    Trog [**....]
Gold:   76         SH:  0    Dex:  9    Spells: 3/3 levels left

rFire   . . .      SeeInvis .   a - +0 hand axe
rCold   . . .      Faith    .   (no shield)
rNeg    . . .      Spirit   .   d - +0 scale mail
rPois   .          Reflect  .   (helmet restricted)
rElec   .          Harm     .   (no cloak)
rCorr   .          Rampage  .   (no gloves)
Will    .....                   (no boots)
Stlth   ..........              (no amulet)
HPRegen 0.13/turn               (no ring)
MPRegen 0.08/turn               (no ring)

@: no status effects
A: horns 2, retaliatory headbutt
a: Renounce Religion, Berserk, Trog's Hand


You were on level 4 of the Dungeon.
You worshipped Trog.
Trog was pleased with you.
You visited 1 branch of the dungeon, and saw 4 of its levels.

You collected 158 gold pieces.
You spent 82 gold pieces at shops.

Inventory:

Hand Weapons
 a - a +0 hand axe (weapon)
Armour
 d - a +0 scale mail (worn)
Jewellery
 h - a ring of fire
Scrolls
 b - a scroll of enchant armour
 c - a scroll of fear
 i - a scroll of summoning {unknown}
Potions
 e - a potion of flight {unknown}
 f - a potion of brilliance {unknown}
 g - a potion of ambrosia {unknown}


   Skills:
 + Level 4.7 Fighting
 + Level 4.9 Axes
 + Level 3.6 Armour
 + Level 2.6 Dodging
 + Level 0.2 Stealth


You had 3 spell levels left.
You didn't know any spells.
Your spell library was empty.

Dungeon Overview and Level Annotations

Branches:
Dungeon (4/15)
 Temple: D:4-7

Altars:
Yredelemnul

Shops:
D:3 *


Innate Abilities, Weirdness & Mutations

You have a pair of horns on your head.
You reflexively headbutt those who attack you in melee.


Message History

The gnoll hits you with a +0 spear. The gnoll hits you with a +0 spear.
You hit the gnoll.
The gnoll is heavily wounded.
The gnoll barely misses you.
You closely miss the gnoll.
The gnoll is heavily wounded.
The gnoll misses you.
The gnoll hits you from afar with a +0 spear.
The gnoll hits you but does no damage.
You hit the gnoll but do no damage.
The gnoll is heavily wounded.
The gnoll closely misses you. The gnoll hits you with a +0 spear.
You barely miss the gnoll.
The gnoll is heavily wounded.
The gnoll hits you from afar with a +0 spear.
The gnoll hits you with a +0 spear. The gnoll hits you with a +0 spear.
You completely miss the gnoll. Your headbutt misses the gnoll.
The gnoll is heavily wounded.
The gnoll hits you from afar with a +0 spear.
* * * LOW HITPOINT WARNING * * *
The gnoll barely misses you.
The gnoll hits you from afar with a +0 spear.
* * * LOW HITPOINT WARNING * * *
You see here a +0 club.
The gnoll hits you from afar with a +0 spear.
* * * LOW HITPOINT WARNING * * *
The necrophage hits you.
* * * LOW HITPOINT WARNING * * *
The gnoll barely misses you. The gnoll hits you but does no damage.
You closely miss the necrophage. You headbutt the necrophage!
The necrophage is heavily damaged.
The gnoll hits you from afar with a +0 spear.
* * * LOW HITPOINT WARNING * * *
The necrophage barely misses you. You furiously retaliate!
You headbutt the necrophage, but do no damage.
The gnoll hits you from afar with a +0 spear.
You die...

##.. #. ##...##..##... ##. ##
#.#...#...... #. (..##)##......
##.# ##..#...#......
.##...########......#..
......#.#..###......... .....
.#.....g...)......... . ....
#.#....n..............
.......###.#...@.g.............
...............................
...........##...................
...........##................##.
...#...##...................##
...#....<..................##
...#..##....................
..(.............##..........
................####........


You could see a necrophage and 2 gnolls.

Vanquished Creatures
  A scorpion zombie (D:3)
  Robin (D:3)
  A gnoll (D:4)
  An adder zombie (D:3)
  An adder skeleton (D:4)
  2 worms
  2 dart slugs (D:4)
  An orc (D:3)
  2 endoplasms
  4 giant cockroaches
  12 goblins
  2 hobgoblins
  5 kobolds
  7 quokkas
  2 ball pythons
  4 bats
  2 frilled lizards (D:3)
  A quokka zombie (D:3)
  4 rats
55 creatures vanquished.

Notes
Turn   | Place    | Note
-------+----------+-------------------------------------------
     0 | D:1      | SanguineChosen the Minotaur Berserker began the quest for
                  | the Orb.
     0 | D:1      | Reached XP level 1. HP: 19/19 MP: 0/0
   402 | D:1      | Reached XP level 2. HP: 27/27 MP: 1/1
  1014 | D:2      | Found a faded altar of an unknown god.
  1391 | D:2      | Reached XP level 3. HP: 32/33 MP: 2/2
  1889 | D:3      | Found a basalt altar of Yredelemnul.
  2201 | D:3      | Found Catz's General Store.
  2209 | D:3      | Bought a scroll of enchant armour for 82 gold pieces
  2284 | D:3      | Reached XP level 4. HP: 26/41 MP: 3/3
  2609 | D:3      | Reached ** piety under Trog
  2612 | D:3      | Noticed Robin
  2622 | D:3      | Killed Robin
  3276 | D:4      | Noticed a necrophage
  3306 | D:4      | Slain by a gnoll

Illustrated notes

Levels and vault maps discovered:
D:1:      grunt_arrival_lava_bath, layout_loops_ring
D:2:      layout_loops_corners, nicolae_ecumenical_pavilion
D:3:      layout_basic, nicolae_yredelemnul_corpse_copse, serial_shops,
          nicolae_shop_trees, uniq_robin
D:4:      layout_cave_pools, grunt_temple_overflow_open,
          minmay_misc_feat_four_crosses

Skill      XL: |  1  2  3 |
---------------+----------+-----
Fighting       | 4 |  4.7
Axes           | 4 |  4.9
Armour         | 3 |  3.6
Dodging        | |  2.6
Stealth        | |  0.2

Action                   |  1- 3 |  4- 6 || total
-------------------------+-------+-------++-------
Melee: Hand axe          |    95 |    52 ||   147
       Headbutt          |    17 |    13 ||    30
       Punch             |     1 |       ||     1
  Use: Scroll            |     6 |       ||     6
Armor: Scale mail        |    19 |    16 ||    35
       Animal skin       |     1 |       ||     1
Dodge: Dodged            |    29 |    25 ||    54
